← All builds
Front / Armada / Economy first / OBSERVED BUILD

Standard front

Armada Front build order · Supreme Isthmus

Standard Front economy-first opening with Bot Lab and Vehicle Plant thrown down almost immediately, transitioning into a mixed Blitz/Rocketeer/Pawn/Janus army feeding the middle over the game.

#eco · 1008 distinct matches · 135 players · 75% of Armada Front games · team won 63% of 1155 · Recently observed

HOW TO PLAY IT

Key timing: Vehicle Plant by 0:47

  1. Open 3 mex then Bot Lab and Vehicle Plant almost together.
  2. Layer wind while both labs start producing.
  3. Send early units to coast first to stop leaks, not middle.
  4. Add Construction Turrets as "Blitz", "Rocketeer", "Janus" mix builds up.
  5. Transition into Advanced Metal Extractor once T2 con is out.

Phase by phase

TYPICAL OF ITS 1008 GAMES
  1. 1
  2. 2
  3. 3
PLAY THE OPENING

Follow the example game's first 6:00 step by step: what to build now, what comes next, and where it goes. At 1× it keeps pace with your own game.

  1. 1

    Up to the Bot Lab

    Economy
    • Metal Extractor2Mex
    • Wind Turbine1Wind
    Order
    1. Bot LabBot Lab after 3 mex, 1 winddone ~0:45, middle half 0:35–8:32

    Some games also: Vehicle Plant (41%)

    By 0:28 in all: 2 mex · 1 wind

    The example game in this phase · 2 steps
    1. Mex
    2. Bot LabBot Labdone 0:26 · typical 0:45
  2. 2

    Bot Lab to 5:00

    Economy
    • Metal Extractor4Mex
    • Wind Turbine3Wind
    Army
    • Sentry1 Sentry

    Some games also: rocketeer (46%) · con bot (44%) · Lazarus (44%) · tick (41%) · centurion (37%)

    By 5:00 in all: 6 mex · 7 wind

    The example game in this phase · 21 steps
    1. LazarusLazarus
    2. TickTick ×5
    3. CenturionCenturion
    4. Construction BotCon bot
    5. Mex ×2
    6. Construction BotCon bot ×2
    7. RocketeerRocketeer
    8. Mex
    9. RocketeerRocketeer ×2
    10. SentrySentry
    11. RocketeerRocketeer
    12. Mex
    13. RocketeerRocketeer
    14. SentrySentry
    15. LazarusLazarus
    16. Mex
    17. RocketeerRocketeer ×4
    18. LazarusLazarus
    19. RocketeerRocketeer ×4
    20. LazarusLazarus
    21. RocketeerRocketeer ×4
  3. 3

    5:00 to 10:00

    Economy
    • Metal Extractor1Mex
    • Wind Turbine14Wind
    Builders
    • Construction Turret2 Con turret
    Army
    • Sentry1 Sentry

    Some games also: energy storage (46%) · rocketeer (39%) · blitz (38%) · pawn (36%) · Lazarus (36%)

    By 10:00 in all: 7 mex · 25 wind · 1 energy storage · 3 con turret

    The example game in this phase · 72 steps
    1. LazarusLazarus
    2. RocketeerRocketeer ×4
    3. LazarusLazarus
    4. Radar TowerRadar Tower
    5. SentrySentry
    6. RocketeerRocketeer
    7. LazarusLazarus
    8. PawnPawn ×7
    9. Mex
    10. PawnPawn
    11. Con turret
    12. PawnPawn
    13. Mex
    14. PawnPawn ×2
    15. Energy storage
    16. Mex
    17. PawnPawn ×3
    18. Wind
    19. PawnPawn
    20. Wind
    21. SentrySentry
    22. PawnPawn
    23. Wind
    24. PawnPawn
    25. SentrySentry
    26. PawnPawn
    27. Wind
    28. RocketeerRocketeer
    29. Wind
    30. RocketeerRocketeer ×2
    31. Wind
    32. RocketeerRocketeer
    33. SentrySentry
    34. Wind
    35. RocketeerRocketeer ×2
    36. Wind
    37. RocketeerRocketeer
    38. Bot LabBot Labdone 9:23
    39. Wind
    40. RocketeerRocketeer
    41. Wind
    42. RocketeerRocketeer
    43. Wind
    44. PawnPawn
    45. Wind
    46. RocketeerRocketeer
    47. PawnPawn
    48. Wind ×4
    49. Vehicle PlantVehicle Plantdone 10:40 · typical 0:48
    50. SentrySentry
    51. BeamerBeamer ×2
    52. Wind ×2
    53. BlitzBlitz
    54. Wind
    55. Advanced Metal ExtractorT2 mexdone 11:39 · typical 8:54
    56. BlitzBlitz
    57. Wind
    58. BlitzBlitz
    59. Wind
    60. BlitzBlitz
    61. Wind
    62. SentrySentry
    63. Wind
    64. BlitzBlitz
    65. Advanced Metal ExtractorT2 mex
    66. BlitzBlitz
    67. Wind
    68. BlitzBlitz ×10
    69. Advanced Metal ExtractorT2 mex
    70. BlitzBlitz ×2
    71. Radar TowerRadar Tower
    72. RoverScout ×16

Counts are medians over the build's games: half of them build more, half fewer. The example game is AbyssFalcon's (36 OS, 08/08/2026); pick another.

Team trades

IN AT LEAST 30% OF ITS GAMES

You hand over

Nothing regular.

You get

  • Tidal Generator4 Tidal from Pondfirst at 0:18 · in 68% of games
  • Advanced Construction Bot1 T2 con bot from Geo or Techfirst at 7:18 · in 67% of games

How it plays out

Typical game of this build, running totals by minute

Metal produced

010k20k30k
0:005:0010:0015:00

metal

Enemy metal destroyed

05k10k
0:005:0010:0015:00

metal

Own metal lost

05k10k
0:005:0010:0015:00

metal

1155 games.

Show as table
ByMetal produced: This buildEnemy metal destroyed: This buildOwn metal lost: This build
1:0033300
2:008482131
3:001625141105
4:002715542333
5:0038631200820
6:00507221121523
7:00631429862450
8:00763638633360
9:00907946824312
10:001067953355062
11:001258858215713
12:001481563776524
13:001741369857236
14:002016876198094
15:002266983748952
WHAT THE NUMBERS SAY

Standard Front play wins more often than suicide front and produces more metal by 15:00, reflecting its safer positioning.

  • + Metal produced reaches 22219 by 15:00, above suicide front's 19882
  • + Own losses of 8949 stay under enemy metal destroyed's near-equal 8347
  • − First unit lost by 1:44 shows exposure even from the safer side
  • − Wider gap to defend demands disciplined coast-then-mid unit movement
THE EXAMPLE YOU ARE READING

AbyssFalcon

36.5 OS · 08/08/2026

Open source match ↗

5 received units · includes a constructor
116 metal received · 33758 energy received

Allied construction assistance is unknown. Timings are observations, not a promise of solo reproducibility.

Typical milestones

Bot Lab0:45Middle 50%: 0:35–8:32 · n=730
Vehicle Plant0:48Middle 50%: 0:37–0:58 · n=818
Advanced Metal Extractor8:54Middle 50%: 8:02–10:01 · n=923

Played most by

Hummell98games of this buildhaaven94games of this buildLeohvm83games of this buildXad63games of this buildImmort42games of this build